 Dungeon Crawl Stone Soup version 0.27-a0-1051-g288ea87c7c (webtiles) character file.

Game seed: 9636933717587163059

397102 robertstho the Slayer (level 22, -7/222 HPs)
             Began as a Minotaur Berserker on Apr 19, 2021.
             Was the Champion of Trog.
             Mangled by Mennas
             ... wielding a +3 eudemon blade of holy wrath
              (8 damage)
             ... on level 2 of the Vaults on Apr 20, 2021.
             The game lasted 01:43:39 (43460 turns).

robertstho the Slayer (Minotaur Berserker)         Turns: 43460, Time: 01:43:41

Health: -7/222     AC: 26    Str: 28    XL:     22   Next: 20%
Magic:  21/21      EV: 16    Int:  9    God:    Trog [******]
Gold:   615        SH: 15    Dex: 17    Spells: 21/21 levels left

rFire    . . .     SeeInvis +   A - +7 broad axe of the Madman {drain, rElec rF+ SInv}
rCold    + + .     Faith    .   a - +0 kite shield
rNeg     + . .     Spirit   .   n - +3 chain mail {rPois}
rPois    +         Reflect  .   r - +2 hat of the Guild-Master {rN+}
rElec    +         Harm     .   x - scarf {repulsion}
rCorr    .         Rampage  .   h - +2 pair of gloves
Will     +....                  p - +2 pair of boots
Stlth    ..........             Z - amulet "Oselosus" {rC+ Regen+}
HPRegen  1.47/turn              c - ring of see invisible
MPRegen  0.17/turn              k - ring "Piaf" {Ice rElec Int+4 Dex+4}

@: on berserk cooldown, slowed, glowing, studying 2 skills, silenced, repel
missiles, very slow
A: horns 2, retaliatory headbutt
}: 2/15 runes: serpentine, barnacled
a: Renounce Religion


You were on level 2 of the Vaults.
You worshipped Trog.
Trog was exalted by your worship.
You visited 7 branches of the dungeon, and saw 36 of its levels.
You visited the Abyss 1 time.
You also visited: Sewer, Ossuary, Bailey and Volcano.

You collected 4328 gold pieces.
You spent 3713 gold pieces at shops.

Inventory:

Hand Weapons
 q - the +9 hunting sling of Jomeipn {venom, Will+ Dex+4}
   (You found it on level 4 of the Dungeon)

   It poisons the ammo it fires.
   It affects your dexterity (+4).
   It increases your willpower.
 A - the +7 broad axe of the Madman (weapon) {drain, rElec rF+ SInv}
   (You acquired it in a bailey)

   A truly terrible weapon, it drains the life of those it strikes.
   It protects you from fire.
   It insulates you from electricity.
   It lets you see invisible.
 H - the +7 war axe "Gesid" {freeze, rC++ rN+}
   (You found it on level 11 of the Dungeon)

   It has been specially enchanted to freeze those struck by it, causing extra
   injury to most foes and up to half again as much damage against particularly
   susceptible opponents.
   It can also slow down cold-blooded creatures.
   It greatly protects you from cold.
   It protects you from negative energy.
Missiles
 b - 376 sling bullets
 w - 6 atropa-tipped darts (quivered)
 O - 4 boomerangs of dispersal
 X - 226 stones
Armour
 a - a +0 kite shield (worn)
 h - a +2 pair of gloves (worn)
 n - a +3 chain mail of poison resistance (worn)
 p - a +2 pair of boots (worn)
 r - the +2 hat of the Guild-Master (worn) {rN+}
   (You found it on level 3 of the Elven Halls)

   It protects you from negative energy.
 x - a scarf of repulsion (worn)
Jewellery
 c - a ring of see invisible (left hand)
 j - a +4 ring of evasion
 k - the ring "Piaf" (right hand) {Ice rElec Int+4 Dex+4}
   (You bought it in a shop on level 2 of the Snake Pit)

   [ring of ice]

   It enhances your ice magic.
   It affects your intelligence (+4).
   It affects your dexterity (+4).
   It makes you vulnerable to fire.
   It protects you from cold.
   It insulates you from electricity.
 l - the ring "Nuiwies" {rPois MP+9 EV+4}
   (You found it on level 4 of the Shoals)

   [ring of evasion]

   It affects your evasion (+4).
   It protects you from poison.
   It affects your magic capacity (+9).
 I - the ring of Heetta {rF+ Will+ rCorr Str-2}
   (You took it off a deep elf annihilator on level 3 of the Elven Halls)

   [ring of protection from fire]

   It affects your strength (-2).
   It protects you from fire.
   It protects you from acid and corrosion.
   It increases your willpower.
 K - a ring of willpower
 L - a ring of protection from fire
 U - a ring of positive energy
 Z - the amulet "Oselosus" (around neck) {rC+ Regen+}
   (You took it off a deep elf death mage on level 3 of the Elven Halls)

   [amulet of regeneration]

   It protects you from cold.
   It increases your rate of health regeneration.
Wands
 g - a wand of iceblast (44)
 i - a wand of digging (18)
 J - a wand of mindburst (5)
 Y - a wand of acid (14)
Scrolls
 m - 16 scrolls of teleportation
 o - 6 scrolls of fear
 s - a scroll of summoning
 t - 2 scrolls of immolation
 u - 13 scrolls of fog
 E - a scroll of silence
 G - 6 scrolls of magic mapping
 M - 5 scrolls of enchant weapon
 Q - 4 scrolls of enchant armour
 R - 2 scrolls of holy word
 T - 15 scrolls of identify
 W - 3 scrolls of blinking
Potions
 d - 9 potions of ambrosia
 e - 8 potions of flight
 f - 33 potions of curing
 v - 4 potions of might
 z - 3 potions of cancellation
 C - 4 potions of haste
 D - 2 potions of invisibility
 F - 3 potions of heal wounds
 N - 2 potions of resistance
 V - 6 potions of mutation
Miscellaneous
 P - a lightning rod (4/4)
 S - a tin of tremorstones (2/2)


   Skills:
 * Level 24.0 Fighting
 + Level 13.4 Axes
 + Level 22.2 Slings
 * Level 17.5 Armour
 + Level 12.3 Dodging
 - Level 2.6 Stealth
 + Level 16.4 Shields
 * Level 9.0 Evocations


You had 21 spell levels left.
You didn't know any spells.
Your spell library was empty.

Dungeon Overview and Level Annotations

Branches:
Dungeon (15/15)            Temple (0/1) D:7            Lair (6/6) D:10
 Shoals (4/4) Lair:2        Snake (4/4) Lair:2        Slime (0/5) Lair:6
    Orc (2/2) D:9             Elf (3/3) Orc:2        Vaults (2/5) D:14
 Depths (0/5) D:15          Sewer (visited)         Ossuary (visited)
 Bailey (visited)         Volcano (visited)
  Crypt: Vaults:2-3

Altars:
Fedhas
Gozag
Hepliaklqana
Kikubaaqudgha
Okawaru
Trog
Uskayaw
Wu Jian
Xom
Zin
The Shining One
Beogh

Shops:
D:5 ?   D:8 (   D:11 !   D:12 (   D:14 *   D:15 !   Orc:2 !?(=   Shoals:3 (
Snake:1 (=*(   Snake:2 [*   Snake:3 !=(*   Vaults:1 [

Portals:
Trove: D:12 (give 4 potions of resistance)

Annotations:
D:3 Grinder
D:4 2 transporters, bisexualwizard's ghost, amateur MiGl
D:7 3 runed translucent doors, spiderkeys's ghost, novice SpEn
Snake:2 2 transporters, exclusion: obsidian statue
Vaults:2 Mennas


Innate Abilities, Weirdness & Mutations

You have a pair of horns on your head.
You reflexively headbutt those who attack you in melee.


Message History

Mennas is lightly wounded.
Mennas hits you with a +3 eudemon blade of holy wrath!!!
You block Mennas's attack. Mennas blocks your attack.
Your headbutt misses Mennas.
Mennas is lightly wounded.
You block Mennas's attack. Mennas closely misses you.
You closely miss Mennas.
Mennas is lightly wounded.
Mennas hits you with a +3 eudemon blade of holy wrath!!!
You block Mennas's attack. Mennas blocks your attack.
Your headbutt misses Mennas.
Mennas is lightly wounded.
Mennas hits you with a +3 eudemon blade of holy wrath!
* * * LOW HITPOINT WARNING * * *
Mennas hits you with a +3 eudemon blade of holy wrath!!
* * * LOW HITPOINT WARNING * * *
Mennas blocks your attack.
Mennas is lightly wounded.
Mennas gestures frantically.
You are confused.
Mennas gestures frantically.
Mennas's surroundings become eerily quiet.
Unknown command.
You bump into the stone wall.
You feel a strong urge to attack something.
Mennas hits you but does no damage. x2
You are no longer berserk.
You are exhausted.
You feel yourself slow down.
Mennas hits you with a +3 eudemon blade of holy wrath!
* * * LOW HITPOINT WARNING * * *
Mennas hits you with a +3 eudemon blade of holy wrath!
* * * LOW HITPOINT WARNING * * *
You feel better. You block Mennas's attack.
Mennas hits you with a +3 eudemon blade of holy wrath!!
* * * LOW HITPOINT WARNING * * *
Mennas hits you with a +3 eudemon blade of holy wrath!!
* * * LOW HITPOINT WARNING * * *
Mennas hits you with a +3 eudemon blade of holy wrath!
You die...

#####+#
###############.....#
[.#.......'.....(((.#
#####.#.###..#..#...#
#.#...#.# #..#......#
#.###.### #....A(...#
......# #....#@...#
#.....# #....(..#.#
#.....# #.#...(.....
#.....# #####..(....#
#....... #..#(.....
#.####### #...(#....
#.# #......#.. #.#
#.#.......


You could see Mennas (strong, silencing).

Vanquished Creatures
  Mara (Shoals:4)
  Rupert (Lair:5)
  2 deep elf blademasters (Elf:3)
  2 deep elf master archers (Elf:3)
  2 tentacled starspawn (Abyss:2)
  2 krakens
  5 nagarajas
  3 orc warlords
  A frost giant (Shoals:4)
  3 deep elf sorcerers (Elf:3)
  3 deep elf elementalists (Elf:3)
  Louise (Elf:3)
  2 vault wardens (Vaults:1)
  A ghost moth (Abyss:2)
  6 ironbound preservers (Vaults:1)
  A very ugly thing (Vaults:1)
  3 deep elf demonologists (Elf:3)
  3 dire elephants (Vaults:1)
  8 deep elf annihilators (Elf:3)
  Azrael (Snake:2)
  3 merfolk javelineers
  6 merfolk impalers
  8 deep elf death magi
  Josephine (D:15)
  2 salamander tyrants (Snake:4)
  A great orb of eyes (Vaults:1)
  4 deep elf high priests
  4 ironbound thunderhulks (Vaults:1)
  17 naga warriors
  5 hydras
  4 boulder beetles
  11 vault guards
  A peacekeeper (Vaults:1)
  12 anacondas
  4 ironbound frosthearts
  3 alligator snapping turtles
  7 death yaks
  A death knight (D:11)
  3 merfolk aquamancers
  4 centaur warriors
  A satyr (Shoals:4)
  7 two-headed ogres
  2 tengu warriors
  A hell hog (Volcano)
  30 dancing weapons
  8 shock serpents
  17 naga sharpshooters
  3 ironbound beastmasters (Vaults:1)
  Urug (D:13)
  3 thrashing horrors (Abyss:2)
  A wretched star (Abyss:2)
  18 deep elf knights
  6 salamander mystics
  3 skeletal warriors (D:12)
  16 deep trolls
  22 sea snakes
  8 naga ritualists
  3 starcursed masses (Abyss:2)
  5 ironbound convokers (Vaults:1)
  5 deep elf archers (Elf:1)
  25 deep elf pyromancers
  4 wizards
  14 orc knights
  A necromancer (D:15)
  3 lindwurms
  Pikel (D:4)
  26 ugly things
  A frost giant zombie (Abyss:2)
  27 harpies
  24 deep elf zephyrmancers
  2 orc sorcerers (D:15)
  20 fauns
  6 mana vipers
  10 cyclopes
  7 manticores
  29 salamanders
  12 guardian serpents (Snake:4)
  6 elephants
  3 water nymphs
  4 vault sentinels
  53 black mambas
  An eye of devastation (Abyss:2)
  A smoke demon (Abyss:2)
  14 naga magi
  A cane toad (shapeshifter) (D:14)
  An unseen horror (D:13)
  5 yaktaurs (Vaults:1)
  7 komodo dragons
  20 cane toads
  A yaktaur (shapeshifter) (D:14)
  2 efreet (D:14)
  3 tengu conjurers
  8 trolls
  4 polar bears (Lair:6)
  29 merfolk
  6 wind drakes
  21 blink frogs
  4 tyrant leeches (Lair:6)
  A hornet (D:7)
  29 slime creatures
  3 raiju (Abyss:2)
  23 dream sheep
  3 shadows
  12 snapping turtles
  6 flying skulls (Abyss:2)
  Sigmund (D:2)
  2 spriggans (Lair:1)
  A wyvern (shapeshifter) (D:15)
  13 water elementals
  7 basilisks
  5 wraiths
  A fire bat (Volcano)
  6 fire elementals
  6 wyverns
  37 yaks
  3 steam dragons
  10 vampire mosquitoes
  A chaos spawn (Abyss:2)
  6 humans (D:7)
  9 wargs
  8 acid dragons
  57 nagas
  A two-headed ogre zombie (D:9)
  13 hell hounds
  15 water moccasins
  40 orc warriors
  2 small abominations (Abyss:2)
  Duvessa (D:4)
  2 ice beasts
  2 hornet zombies
  A black mamba simulacrum (Abyss:2)
  A black bear (D:4)
  3 ogres
  A necrophage (D:4)
  3 centaurs
  7 wolves
  2 phantoms (D:9)
  4 kobold brigands
  20 bullfrogs
  An elf zombie (D:5)
  An earth elemental (Elf:3)
  A gnoll sergeant (D:8)
  A scorpion (D:6)
  2 water moccasin zombies
  4 elf skeletons (D:5)
  Dowan (D:4)
  2 troll zombies (D:9)
  5 killer bees (D:9)
  A water moccasin skeleton (D:4)
  7 wights
  An electric eel (Lair:6)
  9 centaur zombies
  7 jellies
  A human zombie (D:5)
  12 orc priests
  2 centaur skeletons
  3 gnoll shamans
  A hound (D:5)
  A bullfrog skeleton (D:6)
  An iron imp (Abyss:2)
  Jessica (D:3)
  Terence (D:2)
  5 iguanas
  11 merfolk sirens
  11 orc wizards
  A scorpion zombie (D:5)
  A killer bee zombie (D:8)
  3 merfolk avatars
  4 ogre zombies (D:9)
  A hound skeleton (D:5)
  8 mummies (Ossuary)
  A howler monkey zombie (D:10)
  Robin (D:2)
  21 gnolls
  11 adders
  A shadow imp (D:7)
  2 ufetubi
  3 worms
  91 orcs
  21 endoplasms
  7 giant cockroaches
  14 goblins
  17 hobgoblins
  4 quokkas
  11 ball pythons
  4 bats
  A frilled lizard (D:1)
  A gnoll zombie (Ossuary)
  A goblin skeleton (D:9)
  2 goblin zombies (D:9)
  2 hobgoblin skeletons (D:9)
  3 hobgoblin zombies (Ossuary)
  45 kobolds
  4 kobold zombies (Ossuary)
  3 orc skeletons (D:9)
  17 orc zombies (D:9)
  32 rats
  3 starspawn tentacles (Abyss:2)
  4 tentacles (Shoals:4)
1524 creatures vanquished.

Vanquished Creatures (collateral kills)
  Vashnia (Snake:2)
  A merfolk javelineer (Shoals:4)
  4 merfolk impalers (Shoals:4)
  A merfolk avatar (Shoals:4)
  2 anacondas (Snake:4)
  2 alligator snapping turtles (Shoals:4)
  3 death yaks (Lair:6)
  A naga sharpshooter (Snake:4)
  A sea snake (Shoals:4)
  A naga ritualist (Snake:4)
  2 manticores (Shoals:4)
  2 water nymphs (Shoals:4)
  4 merfolk (Shoals:4)
  A water elemental (Shoals:4)
  3 nagas (Snake:4)
29 creatures vanquished.

Vanquished Creatures (others)
  An anaconda (Snake:4)
  A deep elf knight (Elf:2)
  A naga (Snake:4)
  An ufetubus (Abyss:2)
  38 fungi
  169 plants
  4 starspawn tentacles (Abyss:2)
  10 tentacles
225 creatures vanquished.

Grand Total: 1778 creatures vanquished

Notes
Turn   | Place    | Note
-------+----------+-------------------------------------------
     0 | D:1      | robertstho the Minotaur Berserker began the quest for the
                  | Orb.
     0 | D:1      | Reached XP level 1. HP: 19/19 MP: 0/0
    27 | D:1      | Found a faded altar of an unknown god.
   219 | D:1      | Reached skill level 4 in Fighting
   219 | D:1      | Reached XP level 2. HP: 19/27 MP: 1/1
   624 | D:1      | Reached ** piety under Trog
   703 | D:1      | Reached XP level 3. HP: 27/33 MP: 2/2
   934 | D:1      | Found a glowing golden altar of the Shining One.
  1061 | D:2      | Noticed Terence
  1072 | D:2      | Killed Terence
  1411 | D:2      | Noticed Robin
  1420 | D:2      | Reached XP level 4. HP: 41/41 MP: 3/3
  1423 | D:2      | Killed Robin
  1424 | D:2      | Noticed Sigmund
  1425 | D:2      | Reached skill level 5 in Axes
  1431 | D:2      | Killed Sigmund
  1432 | D:2      | Reached skill level 5 in Fighting
  1432 | D:2      | Reached XP level 5. HP: 39/48 MP: 4/4
  1720 | D:2      | Reached XP level 6. HP: 50/56 MP: 5/5
  2299 | D:3      | Found a shimmering altar of Xom.
  2306 | D:3      | Found a shimmering altar of Xom.
  2306 | D:3      | Found a shimmering altar of Xom.
  2308 | D:3      | Found a shimmering altar of Xom.
  2308 | D:3      | Found a shimmering altar of Xom.
  2311 | D:3      | Found a shimmering altar of Xom.
  2311 | D:3      | Found a shimmering altar of Xom.
  2320 | D:3      | Noticed Jessica
  2326 | D:3      | Killed Jessica
  2601 | D:3      | Found an ancient bone altar of Kikubaaqudgha.
  3022 | D:3      | Found an ornate altar of the Wu Jian Council.
  3029 | D:3      | Noticed an ice beast
  3046 | D:3      | Killed an ice beast
  3046 | D:3      | Reached *** piety under Trog
  3047 | D:3      | Reached XP level 7. HP: 47/61 MP: 6/6
  3319 | D:4      | Noticed Grinder
  3328 | D:4      | Reached skill level 5 in Armour
  3494 | D:4      | Identified the +3 leather armour of the Hart {Drain rN+
                  | Dex+4}
  3520 | D:4      | Noticed Pikel
  3528 | D:4      | Killed Pikel
  3529 | D:4      | Reached skill level 6 in Fighting
  3529 | D:4      | Reached XP level 8. HP: 70/70 MP: 7/7
  3590 | D:4      | Noticed Duvessa
  3590 | D:4      | Noticed Dowan
  3598 | D:4      | Killed Duvessa
  3599 | D:4      | Found a transporter.
  3600 | D:4      | Killed Dowan
  3606 | D:4      | Found a transporter.
  3606 | D:4      | Noticed bisexualwizard's ghost (amateur MiGl)
  3609 | D:4      | Identified the +9 hunting sling of Jomeipn {venom, Will+
                  | Dex+4}
  4222 | D:5      | Entered Level 5 of the Dungeon
  4256 | D:5      | Found Viseukh's Magic Scroll Shoppe.
  4275 | D:5      | Reached skill level 1 in Slings
  4276 | D:5      | Bought a scroll of identify for 24 gold pieces
  4276 | D:5      | Bought a scroll of noise for 12 gold pieces
  4276 | D:5      | Bought a scroll of identify for 24 gold pieces
  4276 | D:5      | Bought a scroll of summoning for 114 gold pieces
  4276 | D:5      | Bought a scroll of immolation for 42 gold pieces
  4276 | D:5      | Bought a scroll of identify for 24 gold pieces
  4737 | D:5      | Reached XP level 9. HP: 78/78 MP: 8/8
  4742 | D:5      | Found a sand-covered staircase.
  4755 | Ossuary  | Entered an ossuary
  4760 | Ossuary  | Reached **** piety under Trog
  4766 | Ossuary  | Reached skill level 5 in Slings
  4845 | Ossuary  | Reached skill level 7 in Fighting
  5637 | D:6      | Found a glowing drain.
  5649 | Sewer    | Entered a sewer
  5873 | Sewer    | Reached ***** piety under Trog
  6791 | D:6      | Found a hide-covered altar of Uskayaw.
  6965 | D:7      | Paralysed by a hornet for 1 turns
  6967 | D:7      | Reached skill level 8 in Fighting
  7174 | D:7      | Found a staircase to the Ecumenical Temple.
  7309 | D:7      | Reached XP level 10. HP: 80/88 MP: 9/9
  7342 | D:7      | Found a runed translucent gate.
  7342 | D:7      | Found a runed translucent gate.
  7349 | D:7      | Found a runed translucent gate.
  7351 | D:7      | Noticed spiderkeys's ghost (novice SpEn)
  7420 | D:7      | Reached skill level 10 in Slings
  7969 | D:7      | Reached skill level 1 in Stealth
  8137 | D:8      | Found Jobel's Hydra Hut.
  8137 | D:8      | Noticed a six-headed hydra
  8140 | D:8      | Bought a +0 war axe of flaming for 116 gold pieces
  8178 | D:8      | Identified the +8 rapier of Hatred {vorpal, Drain +Rage
                  | rPois rN+++}
  8536 | D:8      | Found a hazy altar of Hepliaklqana.
  8902 | D:9      | Found a glowing silver altar of Zin.
  9011 | D:9      | Found a staircase to the Orcish Mines.
  9039 | D:9      | Reached skill level 1 in Shields
  9180 | D:9      | Reached skill level 9 in Fighting
  9189 | D:9      | Received a gift from Trog
  9399 | D:9      | Found an iron altar of Okawaru.
  9596 | D:9      | Reached XP level 11. HP: 97/97 MP: 10/10
 10190 | D:10     | Entered Level 10 of the Dungeon
 10359 | D:10     | Identified the +2 flail "Duir" {vorpal, Int+3}
 10371 | D:10     | Reached skill level 5 in Dodging
 10414 | D:10     | Found a staircase to the Lair.
 11189 | D:10     | Found a bloodstained altar of Trog.
 11189 | D:10     | Found a blossoming altar of Fedhas.
 11223 | D:11     | Noticed a death knight
 11445 | D:11     | Killed a death knight
 11488 | D:11     | Found Kygy's Distillery.
 11491 | D:11     | Bought 2 potions of curing for 90 gold pieces
 11491 | D:11     | Bought a potion of curing for 45 gold pieces
 11491 | D:11     | Bought a potion of degeneration for 15 gold pieces
 11491 | D:11     | Bought a potion of magic for 120 gold pieces
 11491 | D:11     | Bought a potion of heal wounds for 75 gold pieces
 11491 | D:11     | Bought a potion of might for 60 gold pieces
 11552 | D:11     | Noticed a two-headed ogre
 11561 | D:11     | Killed a two-headed ogre
 11562 | D:11     | Reached skill level 10 in Fighting
 11676 | D:11     | Noticed a boulder beetle
 11692 | D:11     | Killed a boulder beetle
 11702 | D:11     | Noticed a two-headed ogre
 11710 | D:11     | Killed a two-headed ogre
 11730 | D:11     | Identified the +7 war axe "Gesid" {freeze, rC++ rN+}
 11947 | D:11     | Noticed a two-headed ogre
 11954 | D:11     | Killed a two-headed ogre
 11955 | D:11     | Reached skill level 11 in Fighting
 12280 | Lair:1   | Entered Level 1 of the Lair of Beasts
 12319 | Lair:1   | Noticed a five-headed hydra
 12331 | Lair:1   | Killed a five-headed hydra
 12430 | Lair:1   | Reached XP level 12. HP: 84/110 MP: 11/11
 12533 | Lair:1   | Reached skill level 5 in Shields
 12688 | Lair:1   | Found an opulent altar of Gozag.
 13110 | Lair:1   | Reached ****** piety under Trog
 13267 | Lair:2   | Identified a scroll of acquirement
 13268 | Lair:2   | Acquired a scarf of repulsion
 13315 | Lair:2   | Found a staircase to the Snake Pit.
 13367 | Lair:2   | Reached skill level 12 in Fighting
 13679 | Lair:2   | Found a staircase to the Shoals.
 13958 | Lair:3   | Noticed a boulder beetle
 13973 | Lair:3   | Killed a boulder beetle
 14145 | Lair:3   | You fall into a shaft and drop 3 floors!
 14145 | Lair:6   | Entered Level 6 of the Lair of Beasts
 14145 | Lair:6   | Noticed a death yak
 14145 | Lair:6   | Noticed a death yak
 14146 | Lair:6   | Noticed a death yak
 14146 | Lair:6   | Noticed a death yak
 14187 | Lair:5   | Noticed Rupert
 14276 | Lair:5   | Found a dark tunnel.
 14283 | Volcano  | Entered a volcano
 14298 | Volcano  | Noticed a two-headed ogre
 14298 | Volcano  | Noticed a hell hog
 14324 | Volcano  | Killed a two-headed ogre
 14333 | Volcano  | Killed a hell hog
 14407 | Volcano  | Noticed a two-headed ogre
 14407 | Volcano  | Noticed a two-headed ogre
 14414 | Volcano  | Killed a two-headed ogre
 14416 | Volcano  | Killed a two-headed ogre
 14429 | Volcano  | Reached XP level 13. HP: 47/119 MP: 12/12
 14561 | Lair:5   | Reached skill level 13 in Fighting
 14595 | Lair:5   | Killed Rupert
 14715 | Lair:5   | Reached skill level 10 in Armour
 14778 | Lair:5   | Received a gift from Trog
 16463 | Lair:3   | Reached skill level 15 in Slings
 16762 | Lair:3   | Reached skill level 14 in Fighting
 17170 | Lair:6   | Reached skill level 10 in Shields
 17178 | Lair:6   | Found a staircase to the Slime Pits.
 17314 | Lair:6   | Identified the +6 quick blade "Ezehujao" {flame, Dex+4}
                  | (Trog gifted it to you on level 6 of the Lair of Beasts)
 17314 | Lair:6   | Received a gift from Trog
 17315 | Lair:6   | Reached XP level 14. HP: 123/133 MP: 13/13
 17958 | Lair:6   | Reached skill level 15 in Fighting
 18949 | D:12     | Found a portal to a secret trove of treasure.
 19157 | D:12     | Found Deum's Antique Weapon Shop.
 19311 | D:12     | Acquired a manual of Dodging
 19706 | D:13     | You fall into a shaft and drop 1 floor!
 19898 | D:14     | Found a flagged portal.
 19921 | Bailey   | Entered a bailey
 19926 | Bailey   | Noticed an orc warlord
 19932 | Bailey   | Received a gift from Trog
 20028 | Bailey   | Found a runed translucent gate.
 20044 | Bailey   | Found a runed translucent gate.
 20046 | Bailey   | Found a runed translucent gate.
 20236 | Bailey   | Killed an orc warlord
 20273 | Bailey   | Acquired the +7 broad axe of the Madman {drain, rElec rF+
                  | SInv}
 20287 | Bailey   | Identified the +2 rapier of the Endless March {vamp, Str+4
                  | Int+5}
 20408 | D:14     | Reached skill level 16 in Fighting
 20502 | D:14     | Reached XP level 15. HP: 130/144 MP: 14/14
 20614 | D:14     | Found a gate to the Vaults.
 20744 | D:14     | You fall into a shaft and drop 1 floor!
 20744 | D:15     | Entered Level 15 of the Dungeon
 20927 | D:15     | Identified the +9 hand crossbow "Grim Tooth" {flame, rF+
                  | Will+ Str+3 Int-2}
 21084 | D:15     | Noticed Josephine
 21093 | D:15     | Killed Josephine
 21117 | D:15     | Acquired a manual of Slings
 21455 | D:15     | Found a staircase to the Depths.
 21462 | D:15     | Received a gift from Trog
 21562 | D:15     | Found Sufut's Distillery.
 21568 | D:15     | Bought a potion of mutation for 120 gold pieces
 21568 | D:15     | Bought a potion of curing for 45 gold pieces
 21572 | D:15     | Reached skill level 1 in Evocations
 21572 | D:15     | Reached XP level 16. HP: 154/154 MP: 15/15
 22095 | D:13     | Reached skill level 17 in Fighting
 22289 | D:13     | Found a blossoming altar of Fedhas.
 22791 | D:13     | Noticed Urug
 22801 | D:13     | Killed Urug
 23091 | D:14     | Found Kigrad's General Store.
 23096 | D:14     | Bought a potion of curing for 30 gold pieces
 23096 | D:14     | Bought a potion of curing for 30 gold pieces
 23096 | D:14     | Bought a scroll of teleportation for 30 gold pieces
 23096 | D:14     | Bought a scroll of teleportation for 30 gold pieces
 23096 | D:14     | Bought a scroll of teleportation for 30 gold pieces
 23341 | Orc:1    | Entered Level 1 of the Orcish Mines
 23385 | Orc:1    | Received a gift from Trog
 24068 | Orc:2    | Entered Level 2 of the Orcish Mines
 24109 | Orc:2    | Found a staircase to the Elven Halls.
 24144 | Orc:2    | Received a gift from Trog
 24605 | Orc:2    | Found Gockikov's Distillery.
 24646 | Orc:2    | Bought a potion of resistance for 140 gold pieces
 24646 | Orc:2    | Bought a potion of heal wounds for 70 gold pieces
 24646 | Orc:2    | Bought a potion of experience for 700 gold pieces
 24646 | Orc:2    | Reached skill level 10 in Axes
 24646 | Orc:2    | Reached XP level 17. HP: 162/162 MP: 16/16
 24848 | Orc:2    | Found Hugimel's Antique Weapon Shoppe.
 24848 | Orc:2    | Found Koann's Jewellery Boutique.
 25143 | Orc:2    | Found Cazuaf's Magic Scroll Boutique.
 25468 | Elf:1    | Entered Level 1 of the Elven Halls
 25608 | Elf:1    | Received a gift from Trog
 25688 | Elf:1    | Reached skill level 18 in Fighting
 25967 | Elf:1    | Reached XP level 18. HP: 162/172 MP: 17/17
 26176 | Elf:1    | Reached skill level 10 in Dodging
 27033 | Elf:2    | Identified the +6 broad axe of Pandemonium {vorpal, Dex+4}
                  | (Trog gifted it to you on level 2 of the Elven Halls)
 27033 | Elf:2    | Received a gift from Trog
 27463 | Elf:2    | Found a huge runed translucent gate.
 27463 | Elf:2    | Found a huge runed translucent gate.
 27463 | Elf:2    | Found a huge runed translucent gate.
 27463 | Elf:2    | Found a huge runed translucent gate.
 27464 | Elf:2    | Found a huge runed translucent gate.
 27822 | Elf:2    | Reached skill level 19 in Fighting
 28420 | Elf:3    | Entered Level 3 of the Elven Halls
 28465 | Elf:3    | Noticed Louise
 28500 | Elf:3    | Killed Louise
 28592 | Elf:3    | Received a gift from Trog
 29422 | Elf:3    | Noticed an Ice Fiend
 29423 | Elf:3    | Cast into level 2 of the Abyss (a deep elf demonologist)
 29539 | Abyss:2  | Received a gift from Trog
 29722 | Abyss:2  | Reached XP level 19. HP: 184/184 MP: 18/18
 29733 | Abyss:2  | Reached skill level 20 in Fighting
 29791 | Elf:3    | Escaped the Abyss
 30457 | Elf:3    | Identified the ring of Heetta {rF+ Will+ rCorr Str-2}
 30514 | Elf:3    | Identified the amulet of Guim {RegenMP Int+4}
 30517 | Elf:3    | Identified the amulet "Oselosus" {rC+ Regen+}
 30770 | Elf:3    | Identified the ring of the Republic {Wiz rElec Str+3 Int+5
                  | Slay-4}
 30798 | Elf:3    | Identified the ring of Rotemn {rPois Stlth+}
 30809 | Elf:3    | Identified the +2 hat of the Guild-Master {rN+}
 31156 | Shoals:1 | Entered Level 1 of the Shoals
 31331 | Shoals:1 | Reached skill level 5 in Evocations
 31343 | Shoals:1 | Identified the +8 war axe of Due Proportion {vorpal,
                  | Fragile rPois Will+ Dex+4} (Trog gifted it to you on level
                  | 1 of the Shoals)
 31343 | Shoals:1 | Received a gift from Trog
 31597 | Shoals:1 | Upgraded the game from 0.27-a0-1046-g98bf31544f to
                  | 0.27-a0-1051-g288ea87c7c
 31787 | Shoals:1 | Reached skill level 21 in Fighting
 32681 | Shoals:2 | Received a gift from Trog
 33395 | Shoals:3 | Found Jeexama's Weapon Emporium.
 33421 | Shoals:3 | Bought 17 sling bullets for 127 gold pieces
 33901 | Shoals:3 | Reached XP level 20. HP: 198/198 MP: 19/19
 34177 | Shoals:4 | Entered Level 4 of the Shoals
 34382 | Shoals:4 | Noticed Mara
 34384 | Shoals:4 | Noticed robertstho's illusion
 34799 | Shoals:4 | Received a gift from Trog
 34858 | Shoals:4 | Identified the +8 short sword of Jigoubb {vamp, Contam
                  | +Rage rElec rCorr}
 34980 | Shoals:4 | Identified the ring "Nuiwies" {rPois MP+9 EV+4}
 35090 | Shoals:4 | Noticed robertstho's illusion
 35116 | Shoals:4 | Killed Mara
 35280 | Shoals:4 | Identified the +1 chain mail "Ecitoi" {-Tele Contam rC+++
                  | rCorr}
 35336 | Shoals:4 | Reached skill level 22 in Fighting
 35482 | Shoals:4 | Reached skill level 15 in Shields
 35767 | Shoals:4 | Got a barnacled rune of Zot
 35818 | Shoals:4 | Identified the +5 chain mail of Hiugriloo {Str+2}
 36068 | Snake:1  | Entered Level 1 of the Snake Pit
 36345 | Snake:1  | Received a gift from Trog
 36549 | Snake:1  | Found Lus Yhenn's General Store.
 36549 | Snake:1  | Found Kar Uhyo's Jewellery Shop.
 36553 | Snake:1  | Found Tif Yfudgh's Antique Weapon Shop.
 36561 | Snake:1  | You fall into a shaft and drop 1 floor!
 36759 | Snake:2  | Noticed Azrael
 36778 | Snake:2  | Killed Azrael
 36920 | Snake:2  | Noticed Vashnia
 36964 | Snake:2  | Killed Vashnia
 36965 | Snake:2  | Reached skill level 15 in Armour
 37137 | Snake:2  | Found a transporter.
 37241 | Snake:2  | Found a transporter.
 37383 | Snake:2  | Received a gift from Trog
 37455 | Snake:2  | Found Wyjeol's Armour Boutique.
 37460 | Snake:2  | Found Bicwost's General Store.
 37473 | Snake:2  | Bought the ring "Piaf" {Ice rElec Int+4 Dex+4} for 725 gold
                  | pieces
 37473 | Snake:2  | Bought a scroll of fear for 45 gold pieces
 37473 | Snake:2  | Bought a wand of acid (10) for 364 gold pieces
 37887 | Snake:1  | Found Toujitwa's Antique Weapon Boutique.
 37892 | Snake:1  | Bought a scroll of silence for 82 gold pieces
 37892 | Snake:1  | Bought a scroll of teleportation for 33 gold pieces
 37917 | Snake:1  | Acquired a manual of Armour
 37931 | Snake:1  | You fall into a shaft and drop 1 floor!
 38864 | Snake:3  | Reached XP level 21. HP: 210/210 MP: 20/20
 38895 | Snake:3  | Found Rusalof's General Store.
 39313 | Snake:3  | Found Nuitryd's Distillery.
 39324 | Snake:3  | Bought a potion of curing for 39 gold pieces
 39324 | Snake:3  | Bought 2 potions of curing for 78 gold pieces
 39324 | Snake:3  | Bought a potion of heal wounds for 65 gold pieces
 39324 | Snake:3  | Bought a potion of curing for 39 gold pieces
 39324 | Snake:3  | Bought a potion of haste for 130 gold pieces
 39352 | Snake:3  | Found Lisirenai's Weapon Shoppe.
 39355 | Snake:3  | Found Mymeott's Jewellery Emporium.
 39463 | Snake:3  | Reached skill level 23 in Fighting
 39571 | Snake:3  | Received a gift from Trog
 39662 | Snake:4  | Entered Level 4 of the Snake Pit
 40902 | Snake:4  | Received a gift from Trog
 41345 | Snake:4  | Got a serpentine rune of Zot
 41657 | Vaults:1 | Entered Level 1 of the Vaults
 41796 | Vaults:1 | Received a gift from Trog
 42108 | Vaults:1 | Found Kudeis's Armour Shop.
 42388 | Vaults:1 | Reached XP level 22. HP: 216/222 MP: 21/21
 42575 | Vaults:1 | Received a gift from Trog
 43374 | Vaults:2 | Reached skill level 24 in Fighting
 43432 | Vaults:2 | Identified the +4 tower shield of Grim Liberty {rPois rCorr
                  | MP+9}
 43432 | Vaults:2 | Noticed Mennas
 43460 | Vaults:2 | HP: 1/222 [Mennas/+3 eudemon blade of holy wrath (20)]
 43460 | Vaults:2 | Mangled by Mennas

Illustrated notes

Levels and vault maps discovered:
D:1:      dpeg_arrival_water_altar, layout_rooms, basic_ecumenical_altar
D:2:      layout_loops_corners, uniq_sigmund, uniq_terence, uniq_robin
D:3:      layout_loops_ring, nicolae_xom_altar_mimics, marbit_many_paths,
          nicolae_wu_jian_wuxing_cycle, grunt_decor_junction,
          kennysheep_orc_chapel, uniq_jessica
D:4:      layout_rooms, gammafunk_ghost_mausoleum, uniq_grinder, uniq_duvessa,
          uniq_pikel
D:5:      layout_loops_ring, serial_shops, shop, nicolae_ossuary_entry_catacombs
D:6:      layout_loops_corners, lemuel_tele_altar,
          cheibrodos_sewer_entry_sluice, minmay_pentangle
D:7:      layout_loops_ring, minmay_temple_entry_arrows, gammafunk_ghost_split,
          minmay_ruffians
D:8:      layout_loops_ring, lemuel_round_altar, doesnt_shop_hydraphobe
D:9:      layout_cave_pods, lemuel_crystal_altar, kennysheep_mini_moat,
          zombieorc2_lemuel
D:10:     layout_rooms, gammafunk_temple_overflow_statue, erik_lair_dragon,
          hangedman_decor_diamond_cutter, grunt_decor_mini_mirrors
D:11:     layout_basic, serial_shops, nicolae_shop_behind_doors
D:12:     layout_loops_ring, serial_shops,
          nicolae_shop_temple_entry_statues_fountains, enter_trove_0
D:13:     layout_cave_pods, fedhas_altar_1, uniq_urug
D:14:     layout_long_grid, erik_vaults_2, minmay_misc_feat_more_columns,
          enter_bailey_6, serial_shops, nicolae_shop_window_shopping,
          serial_bayou_pond_d
D:15:     grunt_enter_depths_magical_seal, layout_basic, serial_shops, shop,
          roderic_roman_lattice, uniq_josephine
Lair:1:   wad_woods_stonehenge, layout_loops_ring
Lair:2:   layout_long_grid, minmay_shoals_entry_lonely_mermaid,
          guppyfry_snake_entry_garden, nicolae_lair_grove_arrangements
Lair:3:   layout_roguey, kennysheep_basilisk_garden, lemuel_fruit_fields,
          lemuel_fruit_tree
Lair:4:   layout_regular_city, minmay_stone_trees_small
Lair:5:   lemuel_slime, layout_gridlike, nicolae_volcano_entry_two_sided,
          uniq_rupert
Lair:6:   minmay_lair_end_frog_pond, layout_hall_layers, slime_dummy,
          cheibrodos_lair_lostbears
Shoals:1: layout_shoals, kb_tengu_band
Shoals:2: layout_shoals, nicolae_shoals_kraken_intersection
Shoals:3: layout_shoals, serial_shops, shop_coins
Shoals:4: shoals_end_grunt_ice, layout_shoals, uniq_mara
Snake:1:  layout_basic, grunt_ministairs_15, st_stairs_6, minmay_shoptagon
Snake:2:  gammafunk_sealed_arena, layout_grid_shapes, minmay_shop_star,
          uniq_vashnia, uniq_azrael
Snake:3:  kennysheep_six_static_rooms, layout_gridlike, serial_shops, shop,
          nicolae_shop_competitors_out_of_business, shop, shop, shop,
          st_stairs_2, uniq_donald
Snake:4:  grunt_snake_rune_serpentine_throne, layout_cave_town
Orc:1:    layout_caves
Orc:2:    st_orc_town, layout_caves
Elf:1:    layout_gridlike, hangedman_elven_crosses_minicolossus,
          solitary_fountain
Elf:2:    layout_geoelf_octagon
Elf:3:    grunt_elf_hall_asides, layout_loops_corners, uniq_louise
Vaults:1: vaults_room_grunt_arrival_ludios,
          nicolae_vaults_windows_and_doors_thing,
          ontoclasm_vaults_decontamination, ontoclasm_vaults_ring_square,
          vaults_dpeg_hooks, ontoclasm_vaults_claustrophobia, vaults_dpeg_cross,
          v_misc_23, st_spiral_rooms, nicolae_vaults_rhombus_7,
          vaults_room_hallway, layout_vaults_big_room, serial_shops, shop
Vaults:2: v_alt_pattern_6, v_misc_19, nicolae_vaults_little_squares_4, v_misc_4,
          ontoclasm_vaults_ligature, hangedman_vaults_nodes,
          hangedman_vaults_river_flow, nicolae_vaults_network_periphery,
          blue_anna_dwarven_crypt, st_octagons_2, vaults_room_grid,
          dpeg_vaults_monster_box, layout_vaults_maze_snakey, serial_shops,
          nicolae_shop_waterfront, uniq_mennas, uniq_sojobo

Skill      XL: |  1  2  3  4  5  6  7  8  9 10 11 12 13 14 15 16 17 18 19 20 21 22 |
---------------+-------------------------------------------------------------------+-----
Fighting       | 4 5 6 8 9 11 12 14 16 17 18 19 21 22 23 24 | 24.0
Axes           | 4 6 7 9 10 11 12 13 | 13.4
Armour         | 3 4 5 6 7 9 10 11 12 13 14 15 17 | 17.5
Dodging        | 3 4 5 6 7 8 9 10 11 12 | 12.3
Slings         | 4 9 11 13 14 15 16 17 18 19 21 22 | 22.2
Stealth        | 1 2 |  2.6
Shields        | 2 4 8 10 11 12 13 14 15 16 | 16.4
Evocations     | 1 2 3 5 7 8 9 |  9.0

Action                   |  1- 3 |  4- 6 |  7- 9 | 10-12 | 13-15 | 16-18 | 19-21 | 22-24 || total
-------------------------+-------+-------+-------+-------+-------+-------+-------+-------++-------
Melee: Hand axe          |    81 |    99 |    38 |       |       |       |       |       ||   218
       Headbutt          |    13 |    18 |     9 |     1 |       |    11 |    94 |    20 ||   166
       Hunting sling     |       |       |       |     1 |       |       |       |       ||     1
       Broad axe         |       |       |       |       |       |    52 |   353 |    87 ||   492
 Fire: Hunting sling     |       |       |   330 |   754 |  1384 |  1501 |  2558 |    71 ||  6598
Invok: Berserk           |     3 |       |     3 |       |       |       |     8 |     2 ||    16
       Trog's Hand       |       |       |     1 |     1 |       |       |     2 |       ||     4
       Brothers in Arms  |       |       |       |       |     1 |       |     7 |       ||     8
Evoke: Wand              |       |       |       |       |       |       |     7 |       ||     7
       Tin of tremorston |       |       |       |       |       |       |     3 |       ||     3
  Use: Scroll            |     2 |     1 |     9 |    11 |     8 |     1 |     4 |       ||    36
       Potion            |       |       |     2 |     1 |     1 |     2 |     6 |     1 ||    13
Armor: Animal skin       |     4 |       |       |       |       |       |       |       ||     4
       Chain mail        |    10 |    42 |    56 |       |       |       |    23 |    56 ||   187
       Scale mail        |     2 |       |     9 |   110 |   125 |   104 |   254 |       ||   604
Dodge: Dodged            |    43 |    48 |   105 |   183 |   198 |   266 |   990 |    67 ||  1900
       Repelled          |       |       |       |     1 |     2 |    21 |    36 |       ||    60
Block: Kite shield       |       |       |       |   176 |   261 |   310 |  1063 |    92 ||  1902

Table legend: (Time is in decaauts)
 A = Elapsed time spent in this place.
 B = Non-inter-level travel time spent in this place.
 C = Inter-level travel time spent in this place.
 D = Time resting spent in this place.
 E = Time spent auto-exploring this place.
 F = Levels seen in this place.
 G = Mean time per level.
                   A        B        C        D        E       F      G
               +--------+--------+--------+--------+--------+-----+--------+
         Total |  41981 |  38991 |   2990 |   1150 |  28713 |  41 | 1023.9 |
       Dungeon |  16319 |  14902 |   1417 |    405 |  12062 |  15 | 1087.9 |
          Lair |   5986 |   5518 |    468 |     55 |   4239 |   6 |  997.7 |
        Shoals |   4879 |   4660 |    219 |    206 |   3149 |   4 | 1219.8 |
     Snake Pit |   4674 |   4345 |    329 |     70 |   2999 |   4 | 1168.5 |
  Orcish Mines |   1947 |   1811 |    136 |      0 |   1270 |   2 |  973.5 |
   Elven Halls |   4936 |   4638 |    298 |    350 |   3085 |   3 | 1645.3 |
        Vaults |   1641 |   1521 |    120 |      0 |   1078 |   2 |  820.5 |
         Abyss |    315 |    315 |      0 |     24 |     92 |   1 |  315.0 |
         Sewer |    438 |    438 |      0 |      0 |    259 |   1 |  438.0 |
       Ossuary |    240 |    240 |      0 |      0 |    169 |   1 |  240.0 |
        Bailey |    351 |    351 |      0 |      0 |    203 |   1 |  351.0 |
       Volcano |    249 |    249 |      0 |     40 |    106 |   1 |  249.0 |
               +--------+--------+--------+--------+--------+-----+--------+

Top non-repeatable levels by time:
   Elf:3: 1782 daAuts
Shoals:4: 1731 daAuts
   Elf:2: 1630 daAuts
 Snake:4: 1605 daAuts
    D:10: 1595 daAuts
   Elf:1: 1523 daAuts
Vaults:1: 1487 daAuts
     D:9: 1420 daAuts
     D:2: 1369 daAuts
  Lair:6: 1361 daAuts
 Snake:2: 1258 daAuts
     D:3: 1256 daAuts
   Orc:2: 1244 daAuts
Shoals:1: 1207 daAuts
     D:6: 1187 daAuts
